 Dungeon Crawl Stone Soup version 0.30-a0-364-gf6b3ef1 (webtiles) character file.

Game seed: 6586954705868868025

338 Dorkslayer the Poker (level 6, -1/51 HPs)
             Began as a Merfolk Fighter on Nov 15, 2022.
             Slain by Dorkslayer's ghost (6 damage)
             ... on level 3 of the Dungeon.
             The game lasted 00:08:02 (2512 turns).

Dorkslayer the Poker (Merfolk Fighter)              Turns: 2512, Time: 00:08:03

Health: -1/51      AC: 10    Str: 18    XL:     6   Next: 55%
Magic:  6/6        EV:  7    Int:  8    God:
Gold:   170        SH:  4    Dex: 13    Spells: 5/5 levels left

rFire   . . .      SeeInvis .    a - +1 trident
rCold   . . .      Faith    .    c - +0 buckler
rNeg    . . .      Spirit   .    o - +0 chain mail
rPois   .          Reflect  .    (no helmet)
rElec   .          Harm     .    (no cloak)
rCorr   .          Rampage  .    k - +0 pair of gloves
Will    .....                    (no boots)
Stlth   ..........               (no amulet)
HPRegen 0.28/turn                (no ring)
MPRegen 0.10/turn                (no ring)

@: mighty
A: (nimble swimmer 2), mertail
a: no special abilities


You were on level 3 of the Dungeon.
You visited 1 branch of the dungeon, and saw 3 of its levels.

You collected 170 gold pieces.

Inventory:

Hand Weapons
 a - a +1 trident (weapon)
Missiles
 g - 2 poisoned darts (quivered)
Armour
 c - a +0 buckler (worn)
 k - a +0 pair of gloves (worn)
 o - a +0 chain mail (worn)
Scrolls
 e - 2 scrolls of identify
 f - a scroll of amnesia
 j - a scroll of teleportation
 l - 2 scrolls of immolation
Potions
 b - a potion of heal wounds {unknown}
 d - a potion of might
 h - a potion of flight {unknown}
 n - a potion of curing


   Skills:
 + Level 5.0 Fighting
 + Level 5.5 Polearms
 + Level 0.2 Throwing
 + Level 2.8 Armour
 * Level 2.8 Dodging
 + Level 1.2 Stealth
 + Level 3.1 Shields


You had 5 spell levels left.
You didn't know any spells.
Your spell library contained the following spells:

 Spells                   Type           Power      Damage    Failure   Level
 Sandblast                Erth           0%         2d4       100%        1
 Passwall                 Tmut/Erth      0%         N/A       100%        2
 Ozocubu's Armour         Ice            0%         N/A       100%        3
 Stone Arrow              Conj/Erth      0%         3d7       100%        3
 Ozocubu's Refrigeration  Ice            0%         4d7       100%        7


Dungeon Overview and Level Annotations

Branches:
Dungeon (3/15)

Altars:
Cheibriados
Uskayaw
Yredelemnul

Shops:
D:3 *

Annotations:
D:3 Dorkslayer's ghost, amateur HuFi


Innate Abilities, Weirdness & Mutations

((You are very nimble when in or above water. (Stealth+, EV+, Speed+++)))
Your lower body shifts to a powerful aquatic tail in water.


Message History

Your Polearms skill increases to level 5!
Your Stealth skill increases to level 1!
You have reached level 6!
You barely miss Stormy's ghost.
Stormy's ghost is severely damaged.
You flicker for a moment.
You block Stormy's ghost's attack.
You puncture Stormy's ghost!
You destroy Stormy's ghost!
Your Fighting skill increases to level 5!
You hit Dorkslayer's ghost but do no damage.
Dorkslayer's ghost barely misses you.
You hit Dorkslayer's ghost.
Dorkslayer's ghost is lightly damaged.
You puncture Dorkslayer's ghost!
Dorkslayer's ghost is moderately damaged.
You flicker back into view.
Dorkslayer's ghost hits you! Dorkslayer's ghost barely misses you.
You barely miss Dorkslayer's ghost.
Dorkslayer's ghost is moderately damaged.
Dorkslayer's ghost says, "You cannot hurt me!"
You block Dorkslayer's ghost's attack.
You hit Dorkslayer's ghost.
Dorkslayer's ghost is moderately damaged.
Dorkslayer's ghost hits you.
You puncture Dorkslayer's ghost!
Dorkslayer's ghost is severely damaged.
Dorkslayer's ghost hits you but does no damage.
You hit Dorkslayer's ghost but do no damage.
Dorkslayer's ghost is heavily damaged.
Dorkslayer's ghost hits you.
* * * LOW HITPOINT WARNING * * *
You hit Dorkslayer's ghost but do no damage.
Dorkslayer's ghost is heavily damaged.
Dorkslayer's ghost hits you!
* * * LOW HITPOINT WARNING * * *
You hit Dorkslayer's ghost.
Dorkslayer's ghost is severely damaged.
Dorkslayer's ghost hits you.
You die...

....# #.#####
##.########..########
#.###$.⌠.#..##.....#
#.##8....#.......#.#
#.#[.....#..##.#.#.###
###?.....'..##.#.....#
*8.....'.[...###.#.#######
###*$.....'..#..###.#...>...#
..#*......#..##.@...#.#####.#
#.###8....#.....W####....##.#
..#.##$.⌠.##.....# #.##.##.#
.....######......# #.......#
..##.#.# ##.....# ####.####
#.##.#.## #.....# #.#
..##....# ####### #.#
#.####..# #.# #.####..#
########.#


You could see Dorkslayer's ghost.

Vanquished Creatures
  The ghost of BleedingAnus the Chopper, an amateur HOMo (D:3)
  The ghost of Stormy the Ruffian, a weakling DrTm (D:3)
  8 gnolls
  An adder (D:2)
  3 dart slugs
  6 endoplasms
  5 giant cockroaches
  3 goblins
  7 hobgoblins
  A quokka (D:2)
  6 ball pythons
  8 bats
  5 frilled lizards (D:1)
  5 kobolds
  6 rats
66 creatures vanquished.

Vanquished Creatures (others)
  A plant (D:3)
  4 withered plants (D:3)
5 creatures vanquished.

Grand Total: 71 creatures vanquished

Notes
Turn   | Place    | Note
-------+----------+-------------------------------------------
     0 | D:1      | Dorkslayer the Merfolk Fighter began the quest for the Orb.
     0 | D:1      | Reached XP level 1. HP: 18/18 MP: 1/1
   321 | D:1      | Reached XP level 2. HP: 22/24 MP: 2/2
   580 | D:1      | Reached skill level 1 in Dodging
   789 | D:2      | Reached XP level 3. HP: 29/29 MP: 3/3
   853 | D:2      | Found a basalt altar of Yredelemnul.
  1149 | D:2      | Reached XP level 4. HP: 18/37 MP: 4/4
  1448 | D:2      | You fall into a shaft and drop 1 floor!
  2022 | D:3      | Found a runed translucent gate.
  2025 | D:3      | Found a runed translucent gate.
  2027 | D:3      | Found a runed translucent gate.
  2027 | D:3      | Noticed Stormy's ghost (weakling DrTm)
  2027 | D:3      | Noticed Dorkslayer's ghost (amateur HuFi)
  2031 | D:3      | Noticed BleedingAnus's ghost (amateur HOMo)
  2165 | D:3      | Reached XP level 5. HP: 33/43 MP: 5/5
  2257 | D:3      | Found a snail-covered altar of Cheibriados.
  2257 | D:3      | Found a hide-covered altar of Uskayaw.
  2265 | D:3      | Found Miuruim's Assorted Antiques.
  2499 | D:3      | Killed BleedingAnus's ghost
  2500 | D:3      | Reached skill level 5 in Polearms
  2500 | D:3      | Reached skill level 1 in Stealth
  2500 | D:3      | Reached XP level 6. HP: 23/49 MP: 6/6
  2501 | D:3      | Killed Stormy's ghost
  2502 | D:3      | Reached skill level 5 in Fighting
  2512 | D:3      | Slain by Dorkslayer's ghost

Illustrated notes

Levels and vault maps discovered:
D:1:      nicolae_arrival_somewhat_less_tricky_arrival, layout_loops_ring
D:2:      layout_loops_corners, basic_altar
D:3:      layout_loops_cross, chequers_temple_overflow_statue_of_worship,
          gammafunk_ghost_cemetery, serial_shops,
          nicolae_shop_overgrown_old_shop

Skill      XL: |  1  2  3  4  5  6 |
---------------+-------------------+-----
Polearms       | 3 4 5 |  5.5
Dodging        | 1 2 |  2.8
Fighting       | 4 5 |  5.0
Stealth        | 1 |  1.2
Throwing       | |  0.2
Armour         | |  2.8
Shields        | |  3.1

Action                   |  1- 3 |  4- 6 || total
-------------------------+-------+-------++-------
Melee: Trident           |   102 |   142 ||   244
Throw: Dart              |     3 |     7 ||    10
  Use: Scroll            |       |     8 ||     8
       Potion            |       |     2 ||     2
 Stab: Invisible         |       |     4 ||     4
Armor: Scale mail        |    31 |    38 ||    69
       Chain mail        |       |    12 ||    12
Dodge: Dodged            |    36 |    38 ||    74
Block: Buckler           |    13 |    23 ||    36

Table legend: (Time is in decaauts)
 A = Elapsed time spent in this place.
 B = Non-inter-level travel time spent in this place.
 C = Inter-level travel time spent in this place.
 D = Time resting spent in this place.
 E = Time spent auto-exploring this place.
 F = Levels seen in this place.
 G = Mean time per level.
                   A        B        C        D        E       F      G
               +--------+--------+--------+--------+--------+-----+--------+
         Total |   2549 |   2549 |      0 |      0 |   1603 |   3 |  849.7 |
       Dungeon |   2549 |   2549 |      0 |      0 |   1603 |   3 |  849.7 |
               +--------+--------+--------+--------+--------+-----+--------+

Top non-repeatable levels by time:
     D:2: 1064 daAuts
     D:3: 747 daAuts
     D:1: 737 daAuts
